 Dungeon Crawl Stone Soup version 0.28.0-53-g5a82cb258f (webtiles) character file.

Game seed: 6380627019495429311

5232 cbfl8 the Cleaver (level 10, -1/77 HPs)
             Began as a Formicid Berserker on Aug 15, 2022.
             Was a High Priest of Trog.
             Killed from afar by a catoblepas (2 damage)
             ... with a blast of calcifying dust
             ... while petrified by a catoblepas
             ... on level 10 of the Dungeon.
             The game lasted 00:30:56 (13456 turns).

cbfl8 the Cleaver (Formicid Berserker)             Turns: 13456, Time: 00:30:57

Health: -1/77      AC: 19    Str: 22    XL:     10   Next: 92%
Magic:  10/10      EV:  2    Int:  7    God:    Trog [*****.]
Gold:   320        SH:  0    Dex: 14    Spells: 9/9 levels left

rFire   + + .      SeeInvis +   n - +0 battleaxe
rCold   + . .      Faith    .   D - +2 kite shield {rC+}
rNeg    + + +      Spirit   .   G - +2 plate armour {rF+}
rPois   ∞          Reflect  .   (helmet unavailable)
rElec   .          Harm     .   H - +1 cloak
rCorr   .          Rampage  .   F - +0 pair of gloves
Will    ++...                   w - +0 pair of boots
Stlth   ..........              (no amulet)
HPRegen 0.22/turn               y - ring of willpower
MPRegen 0.12/turn               a - ring of protection from fire

@: petrified
A: permanent stasis, dig shafts and tunnels, antennae 3, four strong arms
a: Dig, Shaft Self, Renounce Religion, Trog's Hand, Brothers in Arms


You were on level 10 of the Dungeon.
You worshipped Trog.
Trog was extremely pleased with you.
You visited 1 branch of the dungeon, and saw 10 of its levels.
You also visited: Ossuary.

You collected 560 gold pieces.
You spent 240 gold pieces at shops.

Inventory:

Hand Weapons
 n - a +0 battleaxe (weapon)
Armour
 l - a scarf of invisibility
 w - a +0 pair of boots (worn)
 D - a +2 kite shield of cold resistance (worn)
 F - a +0 pair of gloves (worn)
 G - a +2 plate armour of fire resistance (worn)
 H - a +1 cloak (worn)
Jewellery
 a - a ring of protection from fire (right hand)
 u - a ring of protection from cold
 y - a ring of willpower (left hand)
Wands
 d - a wand of mindburst (19) (quivered)
 i - a wand of flame (9)
 k - a wand of polymorph (6)
Scrolls
 f - a scroll of silence {unknown}
 g - a scroll of torment {unknown}
 h - 3 scrolls of noise
 m - 4 scrolls of fog
 q - 2 scrolls of immolation
 s - a scroll of vulnerability {unknown}
 t - 2 scrolls of magic mapping {unknown}
 B - a scroll of fear {unknown}
Potions
 b - a potion of attraction {unknown}
 c - a potion of lignification {unknown}
 e - a potion of ambrosia {unknown}
 j - a potion of mutation {unknown}
 o - a potion of resistance {unknown}
 p - a potion of cancellation {unknown}
 v - a potion of might {unknown}
 x - a potion of curing
 z - 3 potions of magic {unknown}
 A - a potion of invisibility {unknown}
 E - a potion of berserk rage {unknown}


   Skills:
 * Level 6.9 Fighting
 * Level 10.2 Axes
 + Level 5.3 Armour
 * Level 5.2 Dodging
 * Level 5.7 Stealth
 * Level 4.6 Shields
 * Level 5.4 Evocations


You had 9 spell levels left.
You didn't know any spells.
Your spell library was empty.

Dungeon Overview and Level Annotations

Branches:
Dungeon (10/15)            Temple (0/1) D:5            Lair (0/6) D:8
Ossuary (visited)
    Orc: D:9-12

Altars:
Ashenzari
Sif Muna
Zin
The Shining One

Shops:
D:1 (   D:4 [   D:5 !   D:6 *   D:7 =


Innate Abilities, Weirdness & Mutations

You cannot be hasted, slowed, berserked, paralysed or teleported.
You can dig through walls and to a lower floor.
You have a pair of large antennae on your head. (SInv)
Your four strong arms can wield two-handed weapons with a shield.


Message History

You continue taking off your +1 cloak.
You are engulfed in calcifying dust.
The centaur warrior hits you but does no damage.
The centaur warrior kicks you. The catoblepas gores you!
* * * LOW HITPOINT WARNING * * *
The centaur warrior hits you.
* * * LOW HITPOINT WARNING * * *
The centaur warrior kicks you but does no damage.
The catoblepas gores you.
* * * LOW HITPOINT WARNING * * *
You have turned to stone.
The centaur warrior hits you but does no damage.
The centaur warrior kicks you but does no damage.
The catoblepas breathes a plume of calcifying dust at you.
The blast of calcifying dust hits you but does no damage.
You are engulfed in calcifying dust.
The centaur warrior hits you.
* * * LOW HITPOINT WARNING * * *
The centaur warrior kicks you but does no damage.
The centaur warrior hits you but does no damage.
The centaur warrior kicks you.
* * * LOW HITPOINT WARNING * * *
The catoblepas gores you but does no damage.
You are engulfed in calcifying dust.
The centaur warrior hits you but does no damage.
The centaur warrior kicks you but does no damage.
The catoblepas gores you but does no damage.
You are engulfed in calcifying dust.
The centaur warrior hits you but does no damage.
The centaur warrior kicks you but does no damage.
The centaur warrior hits you.
* * * LOW HITPOINT WARNING * * *
The centaur warrior kicks you. The catoblepas gores you.
* * * LOW HITPOINT WARNING * * *
You are engulfed in calcifying dust.
The centaur warrior hits you but does no damage.
The centaur warrior kicks you.
* * * LOW HITPOINT WARNING * * *
The catoblepas breathes a plume of calcifying dust at you.
The blast of calcifying dust hits you.
You die...

#....#......#..#
#.####.....###.#
###'####....##.##.
#......'...##.[.
......
#.....##..##..#
#.....
#........##..#
#....
#.......##..# #(..
#......##Y.# { #..
#.....##@c# ..#
#....##..## ##.
#.......## ##..
#....§.##{ ##...
#####...## ##....
#....## {##....#
###...## ##.....#
##...## ##......'
##...##{##.......#


You could see a catoblepas and a centaur warrior.

Vanquished Creatures
  Pikel (D:8)
  A troll (D:9)
  A wyvern (D:8)
  3 yaks (D:9)
  A basilisk (D:9)
  Grum (D:10)
  2 steam dragons
  2 water moccasins
  An ice beast (D:6)
  4 orc warriors
  A hornet zombie (D:7)
  3 wolves
  2 centaurs
  A lemure (D:8)
  3 elf zombies (Ossuary)
  3 kobold brigands
  2 bullfrogs (D:8)
  A gnoll sergeant (D:8)
  A wyvern skeleton (D:7)
  3 wights (D:7)
  4 killer bees (D:8)
  A howler monkey (D:7)
  2 centaur zombies
  4 orc priests
  A human zombie (Ossuary)
  2 centaur skeletons
  2 gnoll shamans
  2 jellies (D:6)
  4 orc wizards
  3 iguanas
  A killer bee zombie (D:9)
  3 hound zombies (Ossuary)
  4 mummies
  14 gnolls
  7 adders
  2 shadow imps (D:7)
  A white imp (D:3)
  An ufetubus (D:5)
  4 adder zombies (Ossuary)
  2 worms
  34 orcs
  7 ball pythons
  9 endoplasms
  2 giant cockroaches
  8 goblins
  4 hobgoblins
  5 quokkas
  5 bats
  6 frilled lizards
  5 hobgoblin zombies
  3 jackal zombies (Ossuary)
  17 kobolds
  6 kobold zombies (Ossuary)
  4 orc zombies
  4 quokka zombies (Ossuary)
  5 rats
  2 rat zombies (Ossuary)
227 creatures vanquished.

Vanquished Creatures (collateral kills)
  A yak (D:9)
1 creature vanquished.

Vanquished Creatures (others)
  2 yaks (D:9)
  4 fungi
  7 plants (D:2)
13 creatures vanquished.

Grand Total: 241 creatures vanquished

Notes
Turn   | Place    | Note
-------+----------+-------------------------------------------
     0 | D:1      | cbfl8 the Formicid Berserker began the quest for the Orb.
     0 | D:1      | Reached XP level 1. HP: 18/18 MP: 1/1
   147 | D:1      | Reached XP level 2. HP: 24/24 MP: 2/2
   198 | D:1      | Found Xyrutzuaf's Antique Weapon Boutique.
   377 | D:1      | Reached ** piety under Trog
   416 | D:1      | Reached XP level 3. HP: 30/30 MP: 3/3
   937 | D:2      | Reached XP level 4. HP: 36/37 MP: 4/4
  1152 | D:2      | Found a faded altar of an unknown god.
  1197 | D:2      | Reached *** piety under Trog
  1198 | D:2      | Reached skill level 4 in Axes
  1598 | D:3      | Found a large runed translucent door.
  1598 | D:3      | Found a large runed translucent door.
  2017 | D:3      | Reached XP level 5. HP: 42/42 MP: 5/5
  2117 | D:3      | Reached skill level 1 in Evocations
  2130 | D:3      | Found a glowing golden altar of the Shining One.
  2137 | D:3      | Found a shimmering blue altar of Sif Muna.
  2281 | D:4      | Found a glowing silver altar of Zin.
  2315 | D:4      | Found Zekkac's Antique Armour Emporium.
  2421 | D:4      | Found a sand-covered staircase.
  2444 | Ossuary  | Entered an ossuary
  2593 | Ossuary  | Reached skill level 5 in Axes
  2593 | Ossuary  | Reached XP level 6. HP: 7/48 MP: 6/6
  2871 | Ossuary  | Reached **** piety under Trog
  2933 | Ossuary  | Reached XP level 7. HP: 48/55 MP: 7/7
  3135 | Ossuary  | Reached skill level 6 in Axes
  4401 | D:5      | Entered Level 5 of the Dungeon
  4428 | D:5      | Found Notwe's Distillery.
  5017 | D:5      | Found a staircase to the Ecumenical Temple.
  5074 | D:5      | Found a broken altar of Ashenzari.
  5184 | D:5      | Reached XP level 8. HP: 61/61 MP: 8/8
  5620 | D:4      | Bought a shiny kite shield for 240 gold pieces
  6442 | D:6      | Reached skill level 1 in Stealth
  6534 | D:6      | Reached skill level 5 in Fighting
  6534 | D:6      | Reached skill level 7 in Axes
  7075 | D:6      | Found Sunwuryi's Serpentskin Sales.
  7345 | D:7      | Found Sihi Jei's Jewellery Shop.
  7553 | D:7      | Reached skill level 1 in Shields
  7561 | D:7      | Reached XP level 9. HP: 58/68 MP: 9/9
  8122 | D:7      | Reached skill level 8 in Axes
  8643 | D:8      | Found a staircase to the Lair.
  8974 | D:8      | Noticed Pikel
  8983 | D:8      | Killed Pikel
  9172 | D:8      | Reached skill level 9 in Axes
  9182 | D:8      | Reached XP level 10. HP: 32/76 MP: 10/10
  9583 | D:8      | Noticed Psyche
  9589 | D:8      | Noticed Psyche
  9589 | D:8      | Psyche changed into Psyche the wyvern
  9594 | D:8      | Killed Psyche the wyvern
 10184 | D:9      | Reached skill level 5 in Stealth
 10382 | D:9      | Reached skill level 5 in Evocations
 10384 | D:9      | Reached skill level 5 in Armour
 10839 | D:9      | Reached ***** piety under Trog
 11155 | D:9      | Reached skill level 5 in Dodging
 12139 | D:9      | Reached skill level 10 in Axes
 12818 | D:10     | Entered Level 10 of the Dungeon
 12959 | D:10     | Noticed Grum
 12971 | D:10     | Killed Grum
 13212 | D:10     | Noticed a two-headed ogre
 13212 | D:10     | Noticed a two-headed ogre
 13425 | D:10     | Noticed a catoblepas
 13427 | D:10     | Noticed a centaur warrior
 13434 | D:10     | Identified a scroll of acquirement
 13434 | D:10     | Acquired a scarf of invisibility
 13455 | D:10     | HP: 2/77 [catoblepas (2)]
 13456 | D:10     | Killed from afar by a catoblepas

Illustrated notes

Levels and vault maps discovered:
D:1:      minmay_arrival_up_and_down, layout_rooms, serial_shops,
          nicolae_shop_overgrown_old_shop
D:2:      layout_rooms, shapermc_ecumenical_altar_acropolis,
          chequers_serial_rivers_marsh, lexackson_kobold_supper
D:3:      layout_basic, jmf_multi_god_temple2
D:4:      layout_layer_cave, mainiacjoe_overflow_chevrons, enter_ossuary_1,
          serial_shops, nicolae_shop_advertising_works
          [nicolae_subvault_shop_adworks], minmay_mini_ossuary
D:5:      layout_basic, lemuel_tele_altar, temple_statues, serial_shops, shop
D:6:      layout_basic, guppyfry_shop_venom
D:7:      layout_loops_ring, serial_shops, shop
D:8:      layout_basic, dpeg_oklobed_lair, special_room [special_room_orc],
          eino_small_chamber_without_monster, uniq_psyche, uniq_pikel
D:9:      layout_stronghold, serial_column_ruins, column_ruins_circle_medium,
          column_ruins_open_tiny_water, column_ruins_open_tiny,
          column_ruins_open_small
D:10:     layout_basic, minmay_diamond_spiral, uniq_grum

Skill      XL: |  1  2  3  4  5  6  7  8  9 10 |
---------------+-------------------------------+-----
Dodging        | 2 3 4 5 |  5.2
Axes           | 4 5 6 7 9 10 | 10.2
Fighting       | 4 5 6 |  6.9
Evocations     | 1 2 3 4 5 |  5.4
Armour         | 3 4 5 |  5.3
Stealth        | 2 4 5 |  5.7
Shields        | 1 3 4 |  4.6

Action                   |  1- 3 |  4- 6 |  7- 9 | 10-12 || total
-------------------------+-------+-------+-------+-------++-------
Melee: Hand axe          |    72 |   185 |   153 |       ||   410
       Punch             |     1 |     2 |       |       ||     3
       War axe           |       |       |    52 |       ||    52
       Battleaxe         |       |       |   141 |   156 ||   297
 Abil: Dig               |       |       |     1 |       ||     1
Evoke: Wand              |       |       |    15 |    24 ||    39
  Use: Potion            |       |     2 |     3 |     2 ||     7
       Scroll            |       |       |     7 |     1 ||     8
 Stab: Paralysed         |       |       |    14 |     5 ||    19
Armor: Animal skin       |     1 |       |       |       ||     1
       Ring mail         |    27 |    67 |    54 |       ||   148
       Plate armour      |       |       |   108 |   171 ||   279
       Chain mail        |       |       |    15 |       ||    15
Dodge: Dodged            |    36 |    97 |   167 |    63 ||   363
Block: Kite shield       |       |       |   103 |   134 ||   237
